[ AOE2 MATCH · #505244356 ]
UnrankedBulgarians vs Magyars
Player's team · WIN
Rival team · LOSS
[ REPLAY ANALYSIS · EXTRACTED FROM THE RECORDED GAME ]
Feudal
9:17
Castle
22:46
Imperial
44:32
| APM avg | 45.7 |
| APM peak | 79 |
| eAPM avg | 30.9 |
| Villagers / military | 176 / 270 |
Focus
⚔️ 46.2% · 🌾 53.8%
Skirmisher ×87 · Knight ×86 · Spearman ×57 · Battering Ram ×11 · Konnik ×9 · Archer ×6
Feudal
8:36
Castle
22:47
Imperial
34:00
| APM avg | 59.6 |
| APM peak | 102 |
| eAPM avg | 31.1 |
| Villagers / military | 211 / 117 |
Focus
⚔️ 32.6% · 🌾 67.4%
Cavalry Archer ×40 · Knight ×28 · Skirmisher ×21 · Scout Cavalry ×17 · Trebuchet (Packed) ×7 · Monk ×4
Match map
Initial resources + every placement click. Lines = walls · curves = elevation contours. ◆ gold · ⬟ stone · ● berries · ✦ relic · ◌ wall gap
Your base· Open — opponent sealed themselves in
★ DrumM ❿'s base· ✓ Closed at 22:47 · 31t walls · no gate
Smoothed initial terrain · ◌ = detected wall gap · hover for details
Inputs per minute
— 1 Fuchs - - ★ DrumM ❿
Build order — 1 Fuchs
First 150 of 600 actions detected
| 0:00 | Create | Villager (Male) |
| 0:01 | Create | Villager (Male) |
| 0:01 | Create | Villager (Male) |
| 0:02 | Build | House |
| 0:04 | Build | House |
| 0:06 | Create | Villager (Male) |
| 1:32 | Create | Villager (Male) |
| 2:04 | Create | Villager (Male) |
| 2:04 | Create | Villager (Male) |
| 2:20 | Create | Villager (Male) |
| 2:21 | Create | Villager (Male) |
| 2:53 | Create | Villager (Male) |
| 2:53 | Create | Villager (Male) |
| 3:17 | Create | Villager (Male) |
| 3:30 | Build | Lumber Camp |
| 3:47 | Create | Villager (Male) |
| 4:07 | Build | House |
| 4:08 | Create | Villager (Male) |
| 4:14 | Create | Villager (Male) |
| 4:29 | Create | Villager (Male) |
| 4:29 | Create | Villager (Male) |
| 5:09 | Create | Villager (Male) |
| 5:41 | Create | Villager (Male) |
| 5:59 | Create | Villager (Male) |
| 6:08 | Build | Barracks |
| 6:21 | Research | Loom |
| 6:59 | Build | House |
| 7:04 | Research | Feudal Age |
| 7:18 | Build | Palisade Wall |
| 7:23 | Create | Militia |
| 7:43 | Create | Militia |
| 7:45 | Build | Mining Camp |
| 7:51 | Build | Palisade Wall |
| 7:52 | Build | Palisade Wall |
| 7:57 | Create | Militia |
| 8:37 | Build | Palisade Wall |
| 8:40 | Create | Villager (Male) |
| 8:58 | Build | Mill |
| 9:17 | Age | Feudal Age |
| 9:23 | Research | Double-Bit Axe |
| 9:25 | Create | Villager (Male) |
| 9:27 | Create | Spearman |
| 9:55 | Create | Villager (Male) |
| 10:01 | Create | Villager (Male) |
| 10:12 | Research | Town Watch |
| 10:13 | Build | House |
| 10:16 | Build | Archery Range |
| 10:19 | Create | Spearman |
| 10:29 | Create | Villager (Male) |
| 10:49 | Create | Archer |
| 10:55 | Build | Farm |
| 11:13 | Create | Villager (Male) |
| 11:13 | Create | Villager (Male) |
| 11:19 | Build | Farm |
| 11:22 | Build | Farm |
| 11:34 | Build | Palisade Wall |
| 11:43 | Build | Farm |
| 11:45 | Create | Villager (Male) |
| 12:02 | Create | Villager (Male) |
| 12:05 | Create | Spearman |
| 12:10 | Build | House |
| 12:25 | Research | Wheelbarrow |
| 12:29 | Create | Archer |
| 12:39 | Build | Palisade Wall |
| 12:50 | Build | Palisade Wall |
| 12:52 | Create | Spearman |
| 12:54 | Create | Archer |
| 13:30 | Build | Palisade Gate |
| 13:32 | Build | House |
| 13:34 | Build | Palisade Wall |
| 13:39 | Create | Villager (Male) |
| 13:51 | Create | Archer |
| 13:52 | Create | Villager (Male) |
| 13:56 | Build | Farm |
| 14:14 | Build | Blacksmith |
| 14:20 | Create | Villager (Male) |
| 14:39 | Create | Villager (Male) |
| 14:49 | Build | House |
| 15:13 | Create | Archer |
| 15:20 | Create | Spearman |
| 15:23 | Research | Fletching |
| 15:24 | Create | Villager (Male) |
| 15:24 | Create | Villager (Male) |
| 15:27 | Create | Spearman |
| 15:27 | Create | Spearman |
| 15:53 | Build | Farm |
| 16:06 | Create | Archer |
| 16:08 | Build | House |
| 16:13 | Build | Farm |
| 16:13 | Create | Villager (Male) |
| 16:15 | Build | Farm |
| 16:27 | Create | Skirmisher |
| 16:31 | Create | Villager (Male) |
| 16:50 | Research | Scale Mail Armor |
| 16:57 | Create | Villager (Male) |
| 17:14 | Create | Skirmisher |
| 17:14 | Create | Skirmisher |
| 17:22 | Create | Villager (Male) |
| 17:26 | Build | House |
| 17:29 | Build | Farm |
| 17:31 | Build | Farm |
| 17:37 | Create | Militia |
| 17:37 | Create | Militia |
| 17:40 | Build | Farm |
| 17:50 | Create | Villager (Male) |
| 18:23 | Create | Villager (Male) |
| 18:32 | Build | Lumber Camp |
| 18:34 | Build | Market |
| 18:39 | Build | Stone Wall |
| 18:39 | Create | Villager (Male) |
| 18:42 | Build | Farm |
| 18:49 | Build | Watch Tower |
| 18:52 | Build | House |
| 18:54 | Build | Stone Wall |
| 19:03 | Create | Villager (Male) |
| 19:11 | Build | House |
| 19:23 | Build | Farm |
| 19:31 | Build | Farm |
| 20:06 | Research | Castle Age |
| 20:06 | Research | Castle Age |
| 20:11 | Build | Farm |
| 20:23 | Research | Horse Collar |
| 20:37 | Build | Farm |
| 20:52 | Build | Farm |
| 20:57 | Research | Scale Barding Armor |
| 21:06 | Create | Skirmisher |
| 21:13 | Build | Mining Camp |
| 21:18 | Create | Skirmisher |
| 21:41 | Create | Skirmisher |
| 21:46 | Research | Gold Mining |
| 21:53 | Build | Farm |
| 21:56 | Research | Padded Archer Armor |
| 22:00 | Create | Skirmisher |
| 22:14 | Create | Villager (Male) |
| 22:20 | Build | Lumber Camp |
| 22:45 | Create | Skirmisher |
| 22:46 | Age | Castle Age |
| 22:55 | Build | Town Center |
| 22:57 | Research | Bodkin Arrow |
| 22:58 | Create | Villager (Male) |
| 23:07 | Create | Cavalry Archer |
| 23:15 | Create | Villager (Male) |
| 23:45 | Build | Monastery |
| 23:47 | Create | Villager (Male) |
| 23:56 | Create | Skirmisher |
| 23:57 | Create | Skirmisher |
| 24:02 | Create | Villager (Male) |
| 24:27 | Create | Villager (Male) |
| 24:30 | Build | Palisade Gate |
| 24:34 | Create | Monk |
Build order — ★ DrumM ❿
First 150 of 537 actions detected
| 0:01 | Create | Villager (Male) |
| 0:02 | Build | House |
| 0:02 | Build | House |
| 0:08 | Create | Villager (Male) |
| 0:08 | Create | Villager (Male) |
| 0:09 | Create | Villager (Male) |
| 0:09 | Create | Villager (Male) |
| 1:23 | Create | Villager (Male) |
| 1:43 | Create | Villager (Male) |
| 2:10 | Create | Villager (Male) |
| 2:10 | Create | Villager (Male) |
| 2:12 | Build | Lumber Camp |
| 2:32 | Create | Villager (Male) |
| 2:32 | Create | Villager (Male) |
| 3:15 | Create | Villager (Male) |
| 3:25 | Build | House |
| 3:28 | Build | Palisade Wall |
| 3:37 | Create | Villager (Male) |
| 3:44 | Create | Villager (Male) |
| 4:05 | Create | Villager (Male) |
| 4:14 | Create | Villager (Male) |
| 4:14 | Create | Villager (Male) |
| 5:00 | Create | Villager (Male) |
| 5:13 | Research | Loom |
| 5:45 | Build | Mill |
| 6:26 | Research | Feudal Age |
| 6:26 | Research | Feudal Age |
| 7:25 | Build | House |
| 7:31 | Build | Palisade Wall |
| 7:32 | Build | Palisade Wall |
| 7:36 | Build | Palisade Wall |
| 7:38 | Build | Palisade Wall |
| 7:54 | Build | Palisade Wall |
| 7:54 | Build | Palisade Wall |
| 7:59 | Build | Barracks |
| 8:06 | Build | Palisade Wall |
| 8:07 | Build | Palisade Wall |
| 8:09 | Build | Palisade Wall |
| 8:21 | Build | Palisade Wall |
| 8:29 | Create | Villager (Male) |
| 8:36 | Age | Feudal Age |
| 8:40 | Research | Double-Bit Axe |
| 8:41 | Create | Villager (Male) |
| 9:09 | Build | Stable |
| 9:32 | Create | Villager (Male) |
| 9:38 | Build | House |
| 9:51 | Create | Scout Cavalry |
| 10:01 | Create | Villager (Male) |
| 10:19 | Create | Scout Cavalry |
| 10:22 | Build | Farm |
| 10:23 | Build | Farm |
| 10:25 | Build | Farm |
| 10:34 | Create | Villager (Male) |
| 10:35 | Create | Villager (Male) |
| 10:52 | Create | Villager (Male) |
| 11:08 | Build | Farm |
| 11:14 | Create | Scout Cavalry |
| 11:18 | Create | Villager (Male) |
| 11:32 | Build | House |
| 11:33 | Build | House |
| 11:59 | Create | Scout Cavalry |
| 12:03 | Create | Villager (Male) |
| 12:06 | Build | Palisade Wall |
| 12:13 | Build | Farm |
| 12:16 | Build | Farm |
| 12:21 | Create | Villager (Male) |
| 12:30 | Build | Archery Range |
| 12:41 | Build | House |
| 12:47 | Create | Scout Cavalry |
| 12:52 | Build | House |
| 12:55 | Build | Palisade Wall |
| 12:56 | Create | Villager (Male) |
| 13:02 | Build | Archery Range |
| 13:12 | Create | Scout Cavalry |
| 13:28 | Create | Villager (Male) |
| 13:31 | Build | Mining Camp |
| 13:51 | Create | Villager (Male) |
| 13:56 | Build | Blacksmith |
| 13:58 | Build | House |
| 13:59 | Create | Skirmisher |
| 13:59 | Create | Skirmisher |
| 14:01 | Build | Farm |
| 14:12 | Create | Villager (Male) |
| 14:14 | Build | Palisade Wall |
| 14:16 | Build | Palisade Wall |
| 14:17 | Build | Palisade Wall |
| 14:18 | Build | Palisade Wall |
| 14:27 | Create | Skirmisher |
| 14:32 | Create | Villager (Male) |
| 14:35 | Build | Farm |
| 14:42 | Build | Farm |
| 14:47 | Build | Farm |
| 14:47 | Create | Villager (Male) |
| 14:48 | Create | Skirmisher |
| 14:54 | Build | Palisade Wall |
| 14:57 | Build | House |
| 15:16 | Create | Skirmisher |
| 15:17 | Create | Skirmisher |
| 15:21 | Build | Palisade Wall |
| 15:27 | Create | Villager (Male) |
| 15:48 | Build | Farm |
| 15:55 | Create | Villager (Male) |
| 15:57 | Build | Farm |
| 16:19 | Build | Farm |
| 16:20 | Build | Lumber Camp |
| 16:21 | Create | Villager (Male) |
| 16:29 | Research | Fletching |
| 16:29 | Research | Fletching |
| 16:35 | Create | Villager (Male) |
| 16:59 | Create | Villager (Male) |
| 17:26 | Build | House |
| 17:29 | Build | Palisade Wall |
| 17:31 | Create | Skirmisher |
| 17:37 | Create | Villager (Male) |
| 17:40 | Build | Farm |
| 17:40 | Build | Farm |
| 17:44 | Create | Villager (Male) |
| 18:12 | Create | Skirmisher |
| 18:13 | Create | Skirmisher |
| 18:25 | Create | Skirmisher |
| 18:25 | Create | Skirmisher |
| 18:48 | Create | Villager (Male) |
| 18:49 | Create | Villager (Male) |
| 18:56 | Build | Market |
| 19:02 | Create | Skirmisher |
| 19:14 | Create | Skirmisher |
| 19:15 | Create | Villager (Male) |
| 19:19 | Build | Lumber Camp |
| 19:21 | Build | Farm |
| 19:54 | Create | Villager (Male) |
| 20:03 | Build | Farm |
| 20:07 | Research | Castle Age |
| 20:07 | Research | Castle Age |
| 20:07 | Research | Castle Age |
| 20:19 | Build | Farm |
| 20:26 | Build | Stable |
| 20:37 | Research | Gold Mining |
| 20:37 | Research | Gold Mining |
| 20:37 | Research | Gold Mining |
| 20:43 | Research | Horse Collar |
| 21:18 | Build | House |
| 21:20 | Build | House |
| 21:22 | Create | Villager (Male) |
| 21:25 | Research | Bloodlines |
| 21:25 | Research | Bloodlines |
| 21:27 | Create | Skirmisher |
| 21:28 | Create | Skirmisher |
| 21:47 | Build | Archery Range |
| 21:49 | Build | Farm |
| 21:57 | Build | Farm |
Match timeline
| 3:28 | ★ DrumM ❿ · wall_segment Palisade Wall x3 |
| 6:08 | 1 Fuchs · first_building Barracks |
| 7:18 | 1 Fuchs · wall_segment Palisade Wall x5 |
| 7:31 | ★ DrumM ❿ · wall_segment Palisade Wall x2 |
| 7:32 | ★ DrumM ❿ · wall_segment Palisade Wall x3 |
| 7:36 | ★ DrumM ❿ · wall_segment Palisade Wall x1 |
| 7:38 | ★ DrumM ❿ · wall_segment Palisade Wall x1 |
| 7:51 | 1 Fuchs · wall_segment Palisade Wall x1 |
| 7:52 | 1 Fuchs · wall_segment Palisade Wall x1 |
| 7:54 | ★ DrumM ❿ · wall_segment Palisade Wall x1 |
| 7:54 | ★ DrumM ❿ · wall_segment Palisade Wall x1 |
| 7:59 | ★ DrumM ❿ · first_building Barracks |
| 8:06 | ★ DrumM ❿ · wall_segment Palisade Wall x1 |
| 8:07 | ★ DrumM ❿ · wall_segment Palisade Wall x1 |
| 8:09 | ★ DrumM ❿ · wall_segment Palisade Wall x2 |
| 8:21 | ★ DrumM ❿ · wall_segment Palisade Wall x2 |
| 8:36 | ★ DrumM ❿ · age_up feudal |
| 8:37 | 1 Fuchs · wall_segment Palisade Wall x9 |
| 9:09 | ★ DrumM ❿ · first_building Stable |
| 9:17 | 1 Fuchs · age_up feudal |
| 10:16 | 1 Fuchs · first_building Archery Range |
| 11:34 | 1 Fuchs · wall_segment Palisade Wall x9 |
| 12:06 | ★ DrumM ❿ · wall_segment Palisade Wall x1 |
| 12:30 | ★ DrumM ❿ · first_building Archery Range |
| 12:39 | 1 Fuchs · wall_segment Palisade Wall x11 |
| 12:50 | 1 Fuchs · wall_segment Palisade Wall x14 |
| 12:55 | ★ DrumM ❿ · wall_segment Palisade Wall x1 |
| 13:34 | 1 Fuchs · wall_segment Palisade Wall x1 |
| 14:14 | ★ DrumM ❿ · wall_segment Palisade Wall x4 |
| 14:16 | ★ DrumM ❿ · wall_segment Palisade Wall x3 |
| 14:17 | ★ DrumM ❿ · wall_segment Palisade Wall x2 |
| 14:18 | ★ DrumM ❿ · wall_segment Palisade Wall x1 |
| 14:54 | ★ DrumM ❿ · wall_segment Palisade Wall x1 |
| 15:21 | ★ DrumM ❿ · wall_segment Palisade Wall x1 |
| 17:29 | ★ DrumM ❿ · wall_segment Palisade Wall x1 |
| 18:39 | 1 Fuchs · wall_segment Stone Wall x10 |
| 18:54 | 1 Fuchs · wall_segment Stone Wall x1 |
| 19:44 | 1 Fuchs · first_market_buy 100 food |
| 19:47 | 1 Fuchs · first_market_sell 100 wood |
| 19:57 | ★ DrumM ❿ · first_market_buy 100 food |
| 20:41 | ★ DrumM ❿ · first_market_sell 100 wood |
| 22:46 | 1 Fuchs · age_up castle |
| 22:47 | ★ DrumM ❿ · age_up castle |
| 23:45 | 1 Fuchs · first_building Monastery |
| 26:04 | ★ DrumM ❿ · first_building Monastery |
| 28:39 | 1 Fuchs · first_building Stable |
| 31:02 | 1 Fuchs · wall_segment Stone Wall x5 |
| 31:18 | 1 Fuchs · first_building Krepost |
| 32:31 | 1 Fuchs · first_building Siege Workshop |
| 34:00 | ★ DrumM ❿ · age_up imperial |
| 34:10 | ★ DrumM ❿ · first_building Castle |
| 42:24 | 1 Fuchs · first_building Castle |
| 44:32 | 1 Fuchs · age_up imperial |
| 48:53 | ★ DrumM ❿ · resign |
[ AI ANALYSIS · 1 CREDIT ]
What really happened in this match?
Wolo.gg analyzes every decision: build order, eco, micro, common mistakes by bracket. Personalized analysis on WhatsApp or Discord in 30 seconds.
Civ guide
Bulgarians
Perfil
Jugador #366990